 Dungeon Crawl Stone Soup version 0.31-a0-4-gefa6de2278 (webtiles) character file.

Game seed: 8807599580167595786

8913 themarg the Zephyrmancer (level 11, -7/72 HPs)
             Began as a Tengu Air Elementalist on May 4, 2023.
             Was a Believer of Makhleb.
             Mangled by an unseen horror (8 damage)
             ... on level 10 of the Dungeon.
             The game lasted 00:45:12 (15853 turns).

themarg the Zephyrmancer (Tengu Air Elementalist)  Turns: 15853, Time: 00:45:13

Health: -7/72      AC:  6    Str:  8    XL:     11   Next: 38%
Magic:  9/19       EV: 13    Int: 19    God:    Makhleb [**....]
Gold:   459        SH:  5    Dex: 16    Spells: 10/20 levels left

rFire   . . .        H - +2 whip (elec)
rCold   . . .        o - +0 buckler
rNeg    . . .        E - +0 acid dragon scales
rPois   .            (helmet restricted)
rElec   .            (no cloak)
rCorr   +            (no gloves)
SInv    .            (boots unavailable)
Will    .....        (no amulet)
Stlth   ++           s - ring of wizardry
HPRegen 0.32/turn    (no ring)
MPRegen 0.16/turn

%: wizardry (x1)
@: flying quickly and evasively, quick
A: beak, talons 3, nimble flight
a: Renounce Religion, Minor Destruction


You were on level 10 of the Dungeon.
You worshipped Makhleb.
Makhleb was pleased with you.
You visited 2 branches of the dungeon, and saw 11 of its levels.

You collected 459 gold pieces.

Inventory:

Hand Weapons
 H - a +2 whip of electrocution (weapon)
Missiles
 d - 64 stones
 g - 10 boomerangs
 i - 19 poisoned darts
 x - 2 silver boomerangs
 B - 5 curare-tipped darts
Armour
 o - a +0 buckler (worn)
 E - +0 acid dragon scales (worn)
 I - a +2 robe of willpower
Jewellery
 a - an amulet of guardian spirit
 f - an amulet of faith
 s - a ring of wizardry (left hand)
Wands
 n - a wand of paralysis (10)
 u - a wand of iceblast (13)
Scrolls
 c - 3 scrolls of amnesia
 e - 5 scrolls of enchant weapon
 j - 2 scrolls of teleportation
 m - a scroll of vulnerability
 p - 3 scrolls of magic mapping
 q - 2 scrolls of fog
 t - a scroll of blinking
 v - a scroll of acquirement {unknown}
 w - 2 scrolls of enchant armour
 y - 2 scrolls of poison
 A - a scroll of noise {unknown}
 G - a scroll of brand weapon {unknown}
Potions
 b - 2 potions of magic
 h - a potion of ambrosia
 k - 3 potions of curing
 l - 2 potions of invisibility
 r - 2 potions of berserk rage
 z - a potion of might
 C - a potion of heal wounds {unknown}
 D - 2 potions of attraction
 F - a potion of brilliance {unknown}
 J - 2 potions of flight


   Skills:
 - Level 10.0 Fighting
 - Level 2.0 Throwing
 - Level 2.1 Dodging
 - Level 3.0 Stealth
 - Level 5.0 Shields
 - Level 5.0 Spellcasting
 + Level 6.4 Conjurations
 + Level 10.9 Air Magic
 + Level 6.7 Invocations
 - Level 2.0 Evocations


You had 10 spell levels left.
You knew the following spells:

 Your Spells              Type           Power      Damage    Failure   Level
a - Shock                 Conj/Air       100%       1d9       1%          1
b - Static Discharge      Conj/Air       74%        2-6/arc   1%          2
c - Airstrike             Air            23%        2d(4-20)  1%          4
d - Swiftness             Air            46%        N/A       1%          3

Your spell library contained the following spells:

 Spells                   Type           Power      Damage    Failure   Level
 Hailstorm                Conj/Ice       16%        3d6       11%         3
 Necrotise                Necr           16%        1d4       13%         1
 Ensorcelled Hibernation  Hex/Ice        8%         N/A       19%         2
 Passwall                 Tmut/Erth      3%         N/A       19%         2
 Iskenderun's Battlesphe  Conj           29%        2d8       26%         5
 Spider Form              Tmut/Pois      4%         N/A       34%         3
 Vampiric Draining        Necr           4%         2d6       34%         3
 Conjure Ball Lightning   Conj/Air       18%        3x3d6     45%         6
 Fireball                 Conj/Fire      8%         3d6       65%         5
 Anguish                  Hex/Necr       2%         N/A       75%         4
 Ice Form                 Ice/Tmut       4%         N/A       75%         4
 Agony                    Necr           4%         N/A       96%         5
 Orb of Destruction       Conj           14%        9d7       99%         7
 Simulacrum               Ice/Necr       2%         N/A       100%        6


Dungeon Overview and Level Annotations

Branches:
Dungeon (10/15)            Temple (1/1) D:4            Lair (0/5) D:10
    Orc: D:9-12

Altars:
Ashenzari
Cheibriados
Dithmenos
Elyvilon
Fedhas
Gozag
Hepliaklqana
Kikubaaqudgha
Makhleb
Nemelex Xobeh
Okawaru
Qazlal
Ru
Sif Muna
Trog
Uskayaw
Vehumet
Wu Jian
Xom
Yredelemnul
Zin
The Shining One

Shops:
D:4 =(*   D:5 :   D:7 *


Innate Abilities, Weirdness & Mutations

You have a beak for a mouth.
You have claws for feet.
Your magical nature lets you fly swiftly and evasively.


Message History

You are struck by an arc of lightning.
Something is struck by an arc of lightning!
The lightning grounds out.
You block something's attack.
Deactivating autopickup; reactivate with Ctrl-A.
Something hits you. x2
Something hits you but does no damage.
Something is struck by an arc of lightning.
You are struck by an arc of lightning.
The lightning grounds out.
Something hits you!
Something is struck by an arc of lightning.
You are struck by an arc of lightning.
Something is struck by an arc of lightning!
The lightning grounds out.
Something hits you. x3
Something is struck by an arc of lightning.
You are struck by an arc of lightning.
The lightning grounds out.
Something hits you! Something hits you.
Something is struck by an arc of lightning.
You are struck by an arc of lightning.
Something is struck by an arc of lightning.
You are struck by an arc of lightning.
* * * LOW HITPOINT WARNING * * *
The lightning grounds out.
Something hits you!
* * * LOW HITPOINT WARNING * * *
Something barely misses you.
Okay, then.
Something hits you.
* * * LOW HITPOINT WARNING * * *
Something hits you.
* * * LOW HITPOINT WARNING * * *
You feel better.
A blue arc grounds itself harmlessly.
Something barely misses you. Something hits you!
* * * LOW HITPOINT WARNING * * *
You barely miss something. Something hits you.
* * * LOW HITPOINT WARNING * * *
Something hits you but does no damage. Something hits you!
* * * LOW HITPOINT WARNING * * *
Something hits you!
You die...

#.#.# #.# #.# #########
..#.# #.####..########
###)# ............### #.#
.... #.......# #.# #.##
#..##....# ###.# #..###.##
.#.# ....# #..##...###...
##### #....._.......# ##
#..@#.......#.#
.#############...###....##
.................## ..###
##############....##..#
##.......# ######.... ###


There were no monsters in sight!

Vanquished Creatures
  2 two-headed ogres
  Pikel (D:8)
  A komodo dragon (D:10)
  A troll (D:10)
  Prince Ribbit (D:5)
  A shadow (D:6)
  A wyvern (D:7)
  14 yaks
  A basilisk (D:6)
  2 steam dragons (D:8)
  2 acid dragons
  4 water moccasins
  An orc warrior (D:9)
  An ice beast (D:5)
  A sky beast (D:8)
  A black bear (D:5)
  2 ogres
  7 centaurs
  3 phantoms
  A lemure (D:8)
  2 bullfrogs
  2 kobold brigands
  2 scorpions
  15 wights (D:7)
  A howler monkey (D:9)
  4 crimson imps (D:9)
  A jelly (D:4)
  5 hounds
  2 orc priests
  A sleepcap (D:4)
  2 gnoll boudas
  An iguana (D:5)
  3 orc wizards
  9 gnolls
  5 adders
  A shadow imp (D:7)
  A white imp (D:7)
  A worm (D:3)
  4 dart slugs
  17 orcs
  7 bats
  6 endoplasms
  3 giant cockroaches
  6 goblins
  3 hobgoblins
  A quokka (D:3)
  6 ball pythons
  A frilled lizard (D:2)
  17 kobolds
  A rat (D:3)
178 creatures vanquished.

Vanquished Creatures (others)
  A human (D:6)
  31 plants
32 creatures vanquished.

Grand Total: 210 creatures vanquished

Notes
Turn   | Place    | Note
-------+----------+-------------------------------------------
     0 | D:1      | themarg the Tengu Air Elementalist began the quest for the
                  | Orb.
     0 | D:1      | Reached XP level 1. HP: 10/10 MP: 4/4
   270 | D:1      | Reached XP level 2. HP: 15/15 MP: 0/6
   284 | D:1      | Learned a level 2 spell: Static Discharge
  1297 | D:2      | Reached XP level 3. HP: 19/19 MP: 4/7
  1986 | D:2      | Reached XP level 4. HP: 14/24 MP: 0/8
  2924 | D:3      | Reached skill level 5 in Air Magic
  3434 | D:4      | Found a blossoming altar of Fedhas.
  3504 | D:4      | Noticed a scorpion
  3511 | D:4      | Killed a scorpion
  3512 | D:4      | Reached skill level 1 in Fighting
  3512 | D:4      | Gained mutation: Your magical nature lets you fly swiftly
                  | and evasively. [Tengu growth]
  3512 | D:4      | Reached XP level 5. HP: 24/29 MP: 0/10
  3604 | D:4      | Found Coeloej's Antique Weapon Shoppe.
  3604 | D:4      | Found Usuut's Jewellery Shoppe.
  3605 | D:4      | Found Muhut's Assorted Antiques.
  3626 | D:4      | Noticed an ogre
  4453 | D:4      | Killed an ogre
  4454 | D:4      | Reached XP level 6. HP: 33/35 MP: 2/11
  4459 | D:4      | Learned a level 4 spell: Airstrike
  4576 | D:4      | Found a staircase to the Ecumenical Temple.
  4659 | Temple   | Entered the Ecumenical Temple
  4719 | Temple   | Became a worshipper of Makhleb the Destroyer
  4808 | D:5      | Entered Level 5 of the Dungeon
  5160 | D:5      | Found Buakhl Daefa's Book Shop.
  5322 | D:5      | Reached XP level 7. HP: 35/40 MP: 5/12
  5671 | D:5      | Reached skill level 10 in Air Magic
  5729 | D:5      | You are sucked into a shaft and drop 1 floor!
  5845 | D:5      | Noticed Prince Ribbit
  5851 | D:5      | HP: 1/40 [Prince Ribbit (12)]
  5859 | D:5      | Killed Prince Ribbit
  5860 | D:5      | Reached XP level 8. HP: 3/48 MP: 8/13
  6167 | D:5      | Reached skill level 5 in Fighting
  6248 | D:5      | Reached * piety under Makhleb
  6310 | D:5      | Reached skill level 1 in Shields
  6448 | D:5      | Found a white marble altar of Elyvilon.
  6583 | D:5      | Learned a level 3 spell: Swiftness
  7046 | D:6      | Found an ancient bone altar of Kikubaaqudgha.
  7055 | D:6      | Noticed a two-headed ogre
  7081 | D:6      | Noticed a shadow
  7247 | D:6      | Killed a shadow
  7482 | D:6      | Killed a two-headed ogre
  7483 | D:6      | Reached skill level 5 in Shields
  7483 | D:6      | Reached XP level 9. HP: 54/54 MP: 1/14
  7970 | D:6      | Reached skill level 5 in Invocations
  8111 | D:6      | Reached skill level 1 in Evocations
  8189 | D:6      | Reached skill level 1 in Throwing
  8331 | D:6      | Found a radiant altar of Vehumet.
  8738 | D:7      | Reached skill level 5 in Conjurations
  8987 | D:7      | Found Zin's Purification Station.
  9116 | D:7      | Found a glowing silver altar of Zin.
  9492 | D:7      | Reached XP level 10. HP: 47/60 MP: 8/17
 10340 | D:7      | Reached skill level 5 in Spellcasting
 11174 | D:8      | Reached ** piety under Makhleb
 11345 | D:8      | Found a snail-covered altar of Cheibriados.
 12485 | D:8      | Noticed Pikel
 12500 | D:8      | Killed Pikel
 12823 | D:9      | Reached skill level 10 in Fighting
 13455 | D:9      | Found a shimmering altar of Xom.
 13464 | D:9      | Reached XP level 11. HP: 72/72 MP: 15/19
 13674 | D:10     | Entered Level 10 of the Dungeon
 13961 | D:10     | Found a sparkling altar of Nemelex Xobeh.
 14170 | D:10     | Found a staircase to the Lair.
 14341 | D:10     | Found an ornate altar of the Wu Jian Council.
 15657 | D:10     | Noticed a two-headed ogre
 15661 | D:10     | Killed a two-headed ogre
 15830 | D:10     | Found a bloodstained altar of Trog.
 15853 | D:10     | HP: 1/72 [something (9)]
 15853 | D:10     | Mangled by an unseen horror

Illustrated notes

Levels and vault maps discovered:
D:1:      roderic_dead_forest, layout_loops_ring
D:2:      layout_basic, nicolae_grassy_gnolls
D:3:      layout_basic, minmay_misc_feat_roman, minmay_shallow_snake_nest
D:4:      layout_basic, fedhas_altar_1, minmay_temple_entry_nine_rooms,
          nicolae_shop_distant_corner_stores
D:5:      layout_loops_corners, elyvilon_altar_3, serial_shops,
          nicolae_shop_advertising_works [nicolae_subvault_shop_adworks],
          serial_glass, glass_columns_a, glass_columns_a,
          minmay_strange_pillars, minmay_strange_pillars, feat_on_display,
          uniq_prince_ribbit1
D:6:      layout_loops_ring, vehumet_crystals, tgw_kikubaaqudgha, kb_rosetta
D:7:      layout_loops_ring, zin_purify
D:8:      layout_basic, mainiacjoe_overflow_surrounded_room, uniq_pikel
D:9:      layout_small_grid, led_xom_imps
D:10:     layout_loops_ring, nemelex_xobeh_ov_fountains_minmay,
          trog_three_pillars_becter, nicolae_wu_jian_wuxing_cycle,
          david_lair_shrubbed, kennysheep_generic_room_11
Temple:   minmay_temple_bridge_abc

Skill      XL: |  1  2  3  4  5  6  7  8  9 10 11 |
---------------+----------------------------------+-----
Conjurations   | 2 3 5 6 |  6.4
Stealth        | 3 |  3.0
Air Magic      | 5 6 8 10 | 10.9
Spellcasting   | 3 4 5 |  5.0
Fighting       | 1 2 4 5 10 | 10.0
Shields        | 5 |  5.0
Invocations    | 4 5 6 |  6.7
Evocations     | 2 |  2.0
Throwing       | 2 |  2.0
Dodging        | |  2.1

Action                     |  1- 3 |  4- 6 |  7- 9 | 10-12 || total
---------------------------+-------+-------+-------+-------++-------
  Melee: Short sword       |     1 |       |       |       ||     1
         Dagger            |     1 |       |       |    11 ||    12
         Kick              |       |       |       |     4 ||     4
         Whip              |       |       |       |     4 ||     4
         Peck              |       |       |       |     3 ||     3
   Cast: Shock             |    54 |   107 |    71 |    69 ||   301
         Static Discharge  |     4 |    16 |    27 |    68 ||   115
         Airstrike         |       |       |    47 |    73 ||   120
  Evoke: Wand              |       |       |       |     1 ||     1
    Use: Scroll            |       |     5 |     2 |    10 ||    17
         Potion            |       |       |     1 |     1 ||     2
   Stab: Sleeping          |       |       |       |     1 ||     1
 Armour: Robe              |     2 |     1 |     9 |       ||    12
         Acid dragon scale |       |       |       |     9 ||     9
  Dodge: Dodged            |     3 |    10 |    24 |    45 ||    82
  Block: Buckler           |       |       |     6 |    10 ||    16

Table legend: (Time is in decaauts)
 A = Elapsed time spent in this place.
 B = Non-inter-level travel time spent in this place.
 C = Inter-level travel time spent in this place.
 D = Time resting spent in this place.
 E = Time spent auto-exploring this place.
 F = Levels seen in this place.
 G = Mean time per level.
                   A        B        C        D        E       F      G
               +--------+--------+--------+--------+--------+-----+--------+
         Total |  15298 |  14936 |    362 |   2566 |  10291 |  11 | 1390.7 |
       Dungeon |  15210 |  14880 |    330 |   2566 |  10266 |  10 | 1521.0 |
        Temple |     88 |     56 |     32 |      0 |     25 |   1 |   88.0 |
               +--------+--------+--------+--------+--------+-----+--------+

Top non-repeatable levels by time:
     D:8: 2050 daAuts
     D:6: 1863 daAuts
     D:5: 1861 daAuts
     D:7: 1832 daAuts
     D:9: 1729 daAuts
     D:3: 1321 daAuts
    D:10: 1239 daAuts
     D:4: 1200 daAuts
     D:2: 1104 daAuts
     D:1: 1007 daAuts
  Temple: 88 daAuts
